Senators vs Devils

Created - 2 décembre 2017 at 17:04

Goals
1 2 3 OT1 T
Senators 1 0 2 1 4
Devils 1 1 1 0 3
Shots
1 2 3 OT1 T
Senators 11 8 11 1 31
Devils 9 13 4 0 26

1st period

1. Devils , Shayne Gostisbehere 3 (Mike Cammalleri 11, Jordan Staal 9) at 17:49
2. Senators , Derick Brassard 11 (Mike Hoffman 16, Michael Stone 10) at 19:55

Penalties :
Michael Stone (OTT) for Roughing (Minor) at 5:09, Darren Helm (NJD) for Tripping (Minor) at 5:42, Kevin Bieksa (OTT) for Hooking (Minor) at 5:42

2nd period

3. Devils , Drew Stafford 4 (Darren Helm 6, Dougie Hamilton 12) at 6:13

Penalties :
Scott Wilson (NJD) for Slashing (Minor) at 3:08, Mark Stone (OTT) for Roughing (Minor) at 10:03, Dougie Hamilton (NJD) for High sticking (Minor) at 13:10, Bobby Ryan (OTT) for Slashing (Minor) at 16:58

3rd period

4. Devils , Mike Cammalleri 10 (Justin Schultz 10, Dustin Brown 10) at 8:27
5. Senators , Mark Stone 10 (Michael Stone 11, Tyler Seguin 13) at 13:12
6. Senators , Kevin Bieksa 2 (Tyler Seguin 14, Drew Doughty 16) at 14:35

Penalties :
Kevin Bieksa (OTT) for Roughing (Minor) at 0:05, Drew Stafford (NJD) for Hooking (Minor) at 4:55, Justin Schultz (NJD) for High sticking (Minor) at 19:21

Overtime #1

7. Senators , Brayden Schenn 10 (Tyler Seguin 15, Drew Doughty 17) at 2:25

Penalties :
No Penalty

Goalie Stats

Tuukka Rask (OTT), 23 saves from 26 shots - (0.885), W, 13-9-4, 62:26 minutes
Michal Neuvirth (NJD), 27 saves from 31 shots - (0.871), OTL, 3-14-3, 62:26 minutes

Players Stats for Senators

Player Name              G  A  P  +/- PIM S  H  SB GA TA FO     MP     PP MP  PK MP  
------------------------------------------------------------------------------------
Bobby Ryan               0  0  0   1  2   1  3  0  0  0  0/0    16:32   2:55   0:00 
Brayden Schenn           1  0  1   2  0   9  0  0  0  0  2/5    25:14   3:40   4:59 
Derick Brassard          1  0  1   1  0   3  0  0  0  0  13/25  18:33   2:55   1:35 
Devin Setoguchi          0  0  0   0  0   0  0  0  0  0  1/1     5:58   0:00   0:00 
Drew Doughty             0  2  2   1  0   3  1  2  0  0  0/0    26:12   3:29   4:33 
Drew Miller              0  0  0  -2  0   0  1  0  0  0  0/0    11:03   0:00   0:24 
Jason Garrison           0  0  0   2  0   0  0  0  0  0  0/0    21:31   3:06   3:49 
Jussi Jokinen            0  0  0  -2  0   0  0  0  0  0  1/2    11:19   0:00   0:00 
Kevin Bieksa             1  0  1   0  4   2  2  1  0  0  0/0    22:42   3:20   2:02 
Lauri Korpikoski         0  0  0   0  0   0  1  0  0  0  0/1     5:58   0:00   0:00 
Mark Stone               1  0  1   1  2   6  0  0  0  0  0/2    19:00   3:40   0:00 
Markus Granlund          0  0  0  -2  0   0  2  1  0  0  5/14   16:29   0:00   0:28 
Matt Puempel             0  0  0   0  0   0  0  0  0  0  0/0     1:00   0:00   0:00 
Michael Stone            0  2  2   2  2   0  4  2  0  0  0/0    20:54   3:06   3:13 
Mike Hoffman             0  1  1   1  0   4  1  0  0  0  0/1    18:33   2:55   1:35 
Robbie Russo             0  0  0  -2  0   0  1  1  0  0  0/0    16:43   0:00   2:14 
Tyler Seguin             0  3  3   2  0   2  0  0  0  0  18/43  25:16   3:40   5:25 
Zbynek Michalek          0  0  0  -2  0   1  3  0  0  0  0/0    15:42   0:09   0:00 

Players Stats for Devils

Player Name              G  A  P  +/- PIM S  H  SB GA TA FO     MP     PP MP  PK MP  
------------------------------------------------------------------------------------
Adam Pardy               0  0  0  -1  0   0  3  3  0  0  0/0    14:20   0:00   0:06 
Ales Hemsky              0  0  0  -1  0   0  0  0  0  0  0/1    12:37   0:00   0:00 
Anton Stralman           0  0  0  -2  0   2  2  3  0  0  0/0    26:28   3:11   5:01 
Boyd Gordon              0  0  0  -1  0   0  1  0  0  0  5/8    12:03   0:00   0:26 
Chris Terry              0  0  0  -1  0   0  1  0  0  0  0/0     9:20   0:00   0:50 
Darren Helm              0  1  1   1  2   2  0  0  0  0  14/26  17:01   3:19   2:40 
Dougie Hamilton          0  1  1   2  2   2  0  2  0  0  0/0    20:11   3:19   2:03 
Drew Stafford            1  0  1   1  2   2  0  0  0  0  1/2    13:27   3:20   0:00 
Dustin Brown             0  1  1   0  0   1  0  1  0  0  1/3    22:59   3:10   3:44 
Jordan Staal             0  1  1   0  0   1  5  0  0  0  23/34  23:44   3:10   4:29 
Justin Schultz           0  1  1  -1  2   3  2  0  0  0  0/0    24:33   3:11   3:06 
Mike Cammalleri          1  1  2   1  0   4  0  0  0  0  1/7    21:26   3:10   1:55 
Nikolay Kulemin          0  0  0   1  0   1  2  0  0  0  2/2    13:28   3:20   0:00 
Pavel Zacha              0  0  0  -1  0   3  2  0  0  0  7/11    8:57   0:00   0:27 
Rocco Grimaldi           0  0  0  -1  0   0  0  0  0  0  0/0     8:30   0:00   0:00 
Scott Wilson             0  0  0  -1  2   1  1  0  0  0  0/0    11:36   0:00   0:00 
Shayne Gostisbehere      1  0  1   2  0   4  0  1  0  0  0/0    20:58   3:19   2:49 
Steven Kampfer           0  0  0  -1  0   0  2  0  0  0  0/0    17:01   0:00   2:47 

3 Stars

1 - Tyler Seguin (OTT)
2 - Mike Cammalleri (NJD)
3 - Michael Stone (OTT)

Power Play

Senators - 0 on 4 Attempt(s) - 0.00%
Devils - 0 on 4 Attempt(s) - 0.00%

Penalty Kill

Senators - 4 on 4 Attempt(s) - 100.00% - Score 0 goal in Penalty Kill
Devils - 4 on 4 Attempt(s) - 100.00% - Score 0 goal in Penalty Kill

Team Stat

Senators - Hits : 19 - Faceoff Wins : 40 - Blocked Shots : 7 - Penalty Minutes : 10
Devils - Hits : 21 - Faceoff Wins : 54 - Blocked Shots : 10 - Penalty Minutes : 10

Official

Referees : Mike Leggo and Jon Mclsaac
Linesman : Ryan Galloway and Darren Gibbs

Game Notes

No Game Note

Finance

Level 1 -- Attendance: 6000 (100.00%) -- Ticket Income 684 000 $
Level 2 -- Attendance: 3585 (71.70%) -- Ticket Income 304 725 $
Level 3 -- Attendance: 2000 (100.00%) -- Ticket Income 168 000 $
Level 4 -- Attendance: 3047 (84.06%) -- Ticket Income 67 034 $
Luxury Box -- Attendance: 924 (92.40%) -- Ticket Income 210 672 $
Game was played at the Prudential Center.
Total Attendance: 15556 (88.26%)
Total Ticket Income: 1 434 431 $
Other Income: 215 165 $
Total Income: 1 649 596 $

% Time on Ice - Senators

Lines # - Real PCT - Wanted PCT - Time Play
Normal Forward
1 - 33% - 40% - 14:41
2 - 30% - 30% - 13:38
3 - 24% - 20% - 10:39
4 - 13% - 10% - 5:58
Normal Defense
1 - 35% - 40% - 15:57
2 - 31% - 30% - 14:02
3 - 32% - 20% - 14:29
4 - 1% - 10% - 0:28
PP Forward
1 - 56% - 60% - 3:40
2 - 44% - 40% - 2:55
PP Defense
1 - 53% - 60% - 3:29
2 - 47% - 40% - 3:06
PK Forward
1 - 76% - 60% - 4:55
2 - 24% - 40% - 1:35
PK Defense
1 - 55% - 60% - 3:34
2 - 45% - 40% - 2:56
PK3 Forward
1 - 63% - 60% - 0:54
2 - 37% - 40% - 0:32
PK3 Defense
1 - 48% - 60% - 0:41
2 - 52% - 40% - 0:45
44 Forward
1 - 78% - 60% - 1:29
2 - 22% - 40% - 0:25
44 Defense
1 - 70% - 60% - 1:20
2 - 30% - 40% - 0:34
Last Minute Offensive  - 0:00
Last Minute Defensive  - 0:00
Total
Forward - 61:21
Defense - 61:21

% Time on Ice - Devils

Lines # - Real PCT - Wanted PCT - Time Play
Normal Forward
1 - 33% - 40% - 14:41
2 - 23% - 30% - 10:08
3 - 26% - 20% - 11:37
4 - 19% - 10% - 8:30
Normal Defense
1 - 36% - 40% - 16:07
2 - 32% - 30% - 14:17
3 - 32% - 20% - 14:14
4 - 1% - 10% - 0:18
PP Forward
1 - 49% - 60% - 3:10
2 - 51% - 40% - 3:20
PP Defense
1 - 49% - 60% - 3:11
2 - 51% - 40% - 3:19
PK Forward
1 - 71% - 60% - 4:40
2 - 29% - 40% - 1:55
PK Defense
1 - 65% - 60% - 4:17
2 - 35% - 40% - 2:18
PK3 Forward
1 - 74% - 60% - 1:00
2 - 26% - 40% - 0:21
PK3 Defense
1 - 62% - 60% - 0:50
2 - 38% - 40% - 0:31
44 Forward
1 - 50% - 60% - 0:59
2 - 50% - 40% - 1:00
44 Defense
1 - 72% - 60% - 1:26
2 - 28% - 40% - 0:33
Last Minute Offensive  - 0:00
Last Minute Defensive  - 0:00
Total
Forward - 61:21
Defense - 61:21

Play by Play

1st period


0:01 of 1st period - Tyler Seguin wins face-off versus Jordan Staal in neutral zone.
0:10 of 1st period - Shot by Tyler Seguin.
0:10 of 1st period - Shot Hit the Post.
0:12 of 1st period - Shot by Drew Doughty.
0:12 of 1st period - Stopped by Michal Neuvirth without a rebound.
0:13 of 1st period - Darren Helm wins face-off versus Derick Brassard in Devils zone.
1:10 of 1st period - Shot by Ales Hemsky.
1:10 of 1st period - Shot Blocked by Michael Stone.
1:33 of 1st period - Tyler Seguin is hit by Steven Kampfer.
1:40 of 1st period - Icing by Adam Pardy.
1:41 of 1st period - Jussi Jokinen wins face-off versus Boyd Gordon in Devils zone.
1:42 of 1st period - Shot by Drew Miller.
1:42 of 1st period - Shot Misses the Net.
1:52 of 1st period - Zbynek Michalek is hit by Scott Wilson and loses puck.
2:00 of 1st period - Icing by Zbynek Michalek.
2:01 of 1st period - Jordan Staal wins face-off versus Markus Granlund in Senators zone.
2:11 of 1st period - Jordan Staal is hit by Zbynek Michalek and loses puck.
2:39 of 1st period - Drew Miller is hit by Jordan Staal and loses puck.
3:30 of 1st period - Shot by Brayden Schenn.
3:30 of 1st period - Shot Blocked by Dougie Hamilton.
3:43 of 1st period - Icing by Dougie Hamilton.
3:44 of 1st period - Derick Brassard wins face-off versus Pavel Zacha in Devils zone.
3:59 of 1st period - Shot by Bobby Ryan.
3:59 of 1st period - Shot Blocked by Dougie Hamilton.
4:04 of 1st period - Icing by Pavel Zacha.
4:05 of 1st period - Pavel Zacha wins face-off versus Lauri Korpikoski in Devils zone.
4:30 of 1st period - Shot by Jordan Staal.
4:30 of 1st period - Shot Misses the Net.
4:32 of 1st period - Shot by Anton Stralman.
4:32 of 1st period - Stopped by Tuukka Rask without a rebound.
4:33 of 1st period - Nikolay Kulemin wins face-off versus Tyler Seguin in Senators zone.
4:33 of 1st period - Darren Helm is hit by Michael Stone and loses puck.
4:38 of 1st period - Shot by Nikolay Kulemin.
4:38 of 1st period - Shot Misses the Net.
5:03 of 1st period - Mark Stone is hit by Steven Kampfer and loses puck.
5:09 of 1st period - Minor Penalty to Michael Stone for Roughing.
5:10 of 1st period - Jordan Staal wins face-off versus Tyler Seguin in Senators zone.
5:13 of 1st period - Shot by Justin Schultz.
5:13 of 1st period - Stopped by Tuukka Rask without a rebound.
5:14 of 1st period - Jordan Staal wins face-off versus Tyler Seguin in Senators zone.
5:25 of 1st period - Shot by Mike Cammalleri.
5:25 of 1st period - Stopped by Tuukka Rask without a rebound.
5:26 of 1st period - Jordan Staal wins face-off versus Tyler Seguin in Senators zone.
5:33 of 1st period - Shot by Justin Schultz.
5:33 of 1st period - Shot Misses the Net.
5:41 of 1st period - Shot by Justin Schultz.
5:41 of 1st period - Stopped by Tuukka Rask without a rebound.
5:42 of 1st period - Derick Brassard wins face-off versus Darren Helm in Senators zone.
5:42 of 1st period - Minor Penalty to Darren Helm for Tripping.
5:42 of 1st period - Minor Penalty to Kevin Bieksa for Hooking.
5:43 of 1st period - Jordan Staal wins face-off versus Tyler Seguin in Senators zone.
5:56 of 1st period - Shot by Jordan Staal.
5:56 of 1st period - Shot Hit the Post.
6:08 of 1st period - Shot by Jordan Staal.
6:08 of 1st period - Stopped by Tuukka Rask without a rebound.
6:09 of 1st period - Jordan Staal wins face-off versus Brayden Schenn in Senators zone.
6:49 of 1st period - Shot by Brayden Schenn.
6:49 of 1st period - Stopped by Michal Neuvirth without a rebound.
6:50 of 1st period - Tyler Seguin wins face-off versus Mike Cammalleri in Devils zone.
7:09 of 1st period - Shot by Mike Cammalleri.
7:09 of 1st period - Shot Misses the Net.
7:11 of 1st period - Shot by Mike Cammalleri.
7:11 of 1st period - Shot Misses the Net.
7:21 of 1st period - Shot by Brayden Schenn.
7:21 of 1st period - Shot Misses the Net.
7:23 of 1st period - Shot by Zbynek Michalek.
7:23 of 1st period - Stopped by Michal Neuvirth with a rebound.
7:32 of 1st period - Icing by Anton Stralman.
7:33 of 1st period - Tyler Seguin wins face-off versus Mike Cammalleri in Devils zone.
7:46 of 1st period - Shot by Derick Brassard.
7:46 of 1st period - Shot Misses the Net.
7:59 of 1st period - Darren Helm is hit by Kevin Bieksa and loses puck.
8:04 of 1st period - Shot by Darren Helm.
8:04 of 1st period - Shot Misses the Net.
8:06 of 1st period - Shot by Darren Helm.
8:06 of 1st period - Stopped by Tuukka Rask without a rebound.
8:07 of 1st period - Pavel Zacha wins face-off versus Markus Granlund in Senators zone.
9:17 of 1st period - Shot by Tyler Seguin.
9:17 of 1st period - Shot Misses the Net.
9:25 of 1st period - Shot by Brayden Schenn.
9:25 of 1st period - Stopped by Michal Neuvirth without a rebound.
9:26 of 1st period - Darren Helm wins face-off versus Derick Brassard in Devils zone.
9:26 of 1st period - Darren Helm is hit by Bobby Ryan.
9:34 of 1st period - Icing by Kevin Bieksa.
9:35 of 1st period - Derick Brassard wins face-off versus Ales Hemsky in Senators zone.
9:40 of 1st period - Justin Schultz is hit by Mike Hoffman and loses puck.
9:52 of 1st period - Derick Brassard is hit by Anton Stralman and loses puck.
10:44 of 1st period - Shot by Brayden Schenn.
10:44 of 1st period - Stopped by Michal Neuvirth without a rebound.
10:45 of 1st period - Jordan Staal wins face-off versus Markus Granlund in Devils zone.
10:45 of 1st period - Jordan Staal is hit by Markus Granlund.
11:40 of 1st period - Shot by Nikolay Kulemin.
11:40 of 1st period - Stopped by Tuukka Rask without a rebound.
11:41 of 1st period - Pavel Zacha wins face-off versus Tyler Seguin in Senators zone.
12:03 of 1st period - Tyler Seguin is hit by Adam Pardy and loses puck.
12:08 of 1st period - Shot by Brayden Schenn.
12:08 of 1st period - Shot Blocked by Adam Pardy.
12:10 of 1st period - Shot by Brayden Schenn.
12:10 of 1st period - Deflect By Tyler Seguin.
12:10 of 1st period - Shot Blocked by Adam Pardy.
12:12 of 1st period - Shot by Mark Stone.
12:12 of 1st period - Shot Misses the Net.
12:14 of 1st period - Shot by Kevin Bieksa.
12:14 of 1st period - Deflect By Mark Stone.
12:14 of 1st period - Stopped by Michal Neuvirth without a rebound.
12:15 of 1st period - Nikolay Kulemin wins face-off versus Derick Brassard in Devils zone.
12:32 of 1st period - Icing by Anton Stralman.
12:33 of 1st period - Drew Stafford wins face-off versus Markus Granlund in Devils zone.
12:33 of 1st period - Drew Stafford is hit by Markus Granlund.
13:45 of 1st period - Shot by Brayden Schenn.
13:45 of 1st period - Stopped by Michal Neuvirth without a rebound.
13:46 of 1st period - Boyd Gordon wins face-off versus Derick Brassard in Devils zone.
14:37 of 1st period - Shot by Tyler Seguin.
14:37 of 1st period - Stopped by Michal Neuvirth without a rebound.
14:38 of 1st period - Dustin Brown wins face-off versus Tyler Seguin in Devils zone.
14:52 of 1st period - Shot by Jordan Staal.
14:52 of 1st period - Shot Misses the Net.
15:34 of 1st period - Shot by Drew Doughty.
15:34 of 1st period - Stopped by Michal Neuvirth without a rebound.
15:35 of 1st period - Derick Brassard wins face-off versus Darren Helm in Devils zone.
16:08 of 1st period - Icing by Drew Doughty.
16:09 of 1st period - Derick Brassard wins face-off versus Pavel Zacha in Senators zone.
16:09 of 1st period - Derick Brassard is hit by Pavel Zacha.
16:40 of 1st period - Shot by Rocco Grimaldi.
16:40 of 1st period - Shot Misses the Net.
17:47 of 1st period - Shot by Jordan Staal.
17:47 of 1st period - Deflect By Mike Cammalleri.
17:47 of 1st period - Shot Misses the Net.
17:49 of 1st period - Shot by Shayne Gostisbehere.
17:49 of 1st period - Goal by Shayne Gostisbehere - Senators : 0 - Devils : 1.
17:50 of 1st period - Darren Helm wins face-off versus Jussi Jokinen in neutral zone.
18:43 of 1st period - Shot by Pavel Zacha.
18:43 of 1st period - Stopped by Tuukka Rask without a rebound.
18:44 of 1st period - Derick Brassard wins face-off versus Dustin Brown in Senators zone.
19:07 of 1st period - Shot by Derick Brassard.
19:07 of 1st period - Stopped by Michal Neuvirth without a rebound.
19:08 of 1st period - Boyd Gordon wins face-off versus Markus Granlund in Devils zone.
19:08 of 1st period - Boyd Gordon is hit by Lauri Korpikoski.
19:35 of 1st period - Shot by Lauri Korpikoski.
19:35 of 1st period - Shot Misses the Net.
19:55 of 1st period - Shot by Derick Brassard.
19:55 of 1st period - Goal by Derick Brassard - Senators : 1 - Devils : 1.
19:56 of 1st period - Jordan Staal wins face-off versus Tyler Seguin in neutral zone.
Goals for this period are 1 for Senators vs 1 for Devils.
Shots for this period are 11 for Senators vs 9 for Devils.

2nd period


0:01 of 2nd period - Jordan Staal wins face-off versus Tyler Seguin in neutral zone.
0:14 of 2nd period - Shot by Mark Stone.
0:14 of 2nd period - Stopped by Michal Neuvirth with a rebound.
0:16 of 2nd period - Shot by Mark Stone.
0:16 of 2nd period - Stopped by Michal Neuvirth without a rebound.
0:17 of 2nd period - Darren Helm wins face-off versus Derick Brassard in Devils zone.
0:23 of 2nd period - Drew Stafford is hit by Michael Stone.
0:37 of 2nd period - Icing by Shayne Gostisbehere.
0:38 of 2nd period - Tyler Seguin wins face-off versus Darren Helm in Devils zone.
0:39 of 2nd period - Shot by Mark Stone.
0:39 of 2nd period - Stopped by Michal Neuvirth without a rebound.
0:40 of 2nd period - Tyler Seguin wins face-off versus Jordan Staal in Devils zone.
0:53 of 2nd period - Shot by Brayden Schenn.
0:53 of 2nd period - Stopped by Michal Neuvirth without a rebound.
0:54 of 2nd period - Darren Helm wins face-off versus Derick Brassard in Devils zone.
1:24 of 2nd period - Drew Stafford is hit by Michael Stone.
2:06 of 2nd period - Shot by Jordan Staal.
2:06 of 2nd period - Deflect By Mike Cammalleri.
2:06 of 2nd period - Stopped by Tuukka Rask with a rebound.
3:07 of 2nd period - Jussi Jokinen is hit by Boyd Gordon and loses puck.
3:08 of 2nd period - Minor Penalty to Scott Wilson for Slashing.
3:09 of 2nd period - Darren Helm wins face-off versus Derick Brassard in Devils zone.
3:20 of 2nd period - Shot by Derick Brassard.
3:20 of 2nd period - Deflect By Mike Hoffman.
3:20 of 2nd period - Shot Misses the Net.
4:09 of 2nd period - Shot by Tyler Seguin.
4:09 of 2nd period - Shot Misses the Net.
5:29 of 2nd period - Markus Granlund is hit by Adam Pardy and loses puck.
6:11 of 2nd period - Shot by Dougie Hamilton.
6:11 of 2nd period - Shot Misses the Net.
6:13 of 2nd period - Shot by Darren Helm.
6:13 of 2nd period - Deflect By Drew Stafford.
6:13 of 2nd period - Goal by Drew Stafford - Senators : 1 - Devils : 2.
6:14 of 2nd period - Jordan Staal wins face-off versus Tyler Seguin in neutral zone.
6:17 of 2nd period - Tyler Seguin is hit by Jordan Staal.
6:21 of 2nd period - Shot by Brayden Schenn.
6:21 of 2nd period - Shot Misses the Net.
6:23 of 2nd period - Shot by Tyler Seguin.
6:23 of 2nd period - Deflect By Brayden Schenn.
6:23 of 2nd period - Stopped by Michal Neuvirth without a rebound.
6:24 of 2nd period - Pavel Zacha wins face-off versus Tyler Seguin in Devils zone.
6:36 of 2nd period - Chris Terry is hit by Zbynek Michalek.
6:45 of 2nd period - Shot by Brayden Schenn.
6:45 of 2nd period - Shot Misses the Net.
6:47 of 2nd period - Shot by Mark Stone.
6:47 of 2nd period - Shot Misses the Net.
7:41 of 2nd period - Justin Schultz is hit by Michael Stone.
7:53 of 2nd period - Shot by Jordan Staal.
7:53 of 2nd period - Shot Blocked by Markus Granlund.
7:55 of 2nd period - Shot by Dustin Brown.
7:55 of 2nd period - Stopped by Tuukka Rask without a rebound.
7:56 of 2nd period - Tyler Seguin wins face-off versus Darren Helm in Senators zone.
8:59 of 2nd period - Lauri Korpikoski is hit by Adam Pardy.
10:03 of 2nd period - Minor Penalty to Mark Stone for Roughing.
10:04 of 2nd period - Tyler Seguin wins face-off versus Darren Helm in Senators zone.
10:21 of 2nd period - Shot by Shayne Gostisbehere.
10:21 of 2nd period - Stopped by Tuukka Rask without a rebound.
10:22 of 2nd period - Tyler Seguin wins face-off versus Darren Helm in Senators zone.
10:28 of 2nd period - Icing by Nikolay Kulemin.
10:29 of 2nd period - Darren Helm wins face-off versus Tyler Seguin in Devils zone.
10:36 of 2nd period - Shot by Anton Stralman.
10:36 of 2nd period - Stopped by Tuukka Rask without a rebound.
10:37 of 2nd period - Tyler Seguin wins face-off versus Darren Helm in Senators zone.
11:20 of 2nd period - Shot by Shayne Gostisbehere.
11:20 of 2nd period - Stopped by Tuukka Rask without a rebound.
11:21 of 2nd period - Jordan Staal wins face-off versus Tyler Seguin in Senators zone.
11:24 of 2nd period - Shot by Shayne Gostisbehere.
11:24 of 2nd period - Stopped by Tuukka Rask without a rebound.
11:25 of 2nd period - Jordan Staal wins face-off versus Tyler Seguin in Senators zone.
12:13 of 2nd period - Shot by Derick Brassard.
12:13 of 2nd period - Stopped by Michal Neuvirth with a rebound.
12:36 of 2nd period - Icing by Robbie Russo.
12:37 of 2nd period - Boyd Gordon wins face-off versus Mike Hoffman in Senators zone.
12:56 of 2nd period - Shot by Ales Hemsky.
12:56 of 2nd period - Shot Blocked by Kevin Bieksa.
13:04 of 2nd period - Shot by Scott Wilson.
13:04 of 2nd period - Stopped by Tuukka Rask without a rebound.
13:05 of 2nd period - Markus Granlund wins face-off versus Darren Helm in Senators zone.
13:05 of 2nd period - Lauri Korpikoski is hit by Nikolay Kulemin.
13:10 of 2nd period - Minor Penalty to Dougie Hamilton for High sticking.
13:11 of 2nd period - Tyler Seguin wins face-off versus Dustin Brown in Devils zone.
13:30 of 2nd period - Shot by Tyler Seguin.
13:30 of 2nd period - Shot Blocked by Anton Stralman.
13:32 of 2nd period - Shot by Kevin Bieksa.
13:32 of 2nd period - Stopped by Michal Neuvirth without a rebound.
13:33 of 2nd period - Derick Brassard wins face-off versus Jordan Staal in Devils zone.
13:36 of 2nd period - Shot by Mike Hoffman.
13:36 of 2nd period - Shot Blocked by Shayne Gostisbehere.
13:38 of 2nd period - Shot by Mike Hoffman.
13:38 of 2nd period - Stopped by Michal Neuvirth with a rebound.
13:53 of 2nd period - Off-side.
13:54 of 2nd period - Jordan Staal wins face-off versus Mark Stone in neutral zone.
13:57 of 2nd period - Mark Stone is hit by Jordan Staal and loses puck.
14:43 of 2nd period - Steven Kampfer is hit by Bobby Ryan and loses puck.
14:53 of 2nd period - Icing by Derick Brassard.
14:54 of 2nd period - Derick Brassard wins face-off versus Mike Cammalleri in Senators zone.
15:25 of 2nd period - Shot by Scott Wilson.
15:25 of 2nd period - Shot Blocked by Robbie Russo.
15:57 of 2nd period - Shot by Pavel Zacha.
15:57 of 2nd period - Stopped by Tuukka Rask without a rebound.
15:58 of 2nd period - Darren Helm wins face-off versus Derick Brassard in Senators zone.
16:11 of 2nd period - Off-side.
16:12 of 2nd period - Mike Cammalleri wins face-off versus Tyler Seguin in neutral zone.
16:45 of 2nd period - Icing by Justin Schultz.
16:46 of 2nd period - Derick Brassard wins face-off versus Jordan Staal in Devils zone.
16:58 of 2nd period - Minor Penalty to Bobby Ryan for Slashing.
16:59 of 2nd period - Darren Helm wins face-off versus Brayden Schenn in Senators zone.
17:00 of 2nd period - Shot by Dougie Hamilton.
17:00 of 2nd period - Shot Blocked by Drew Doughty.
17:02 of 2nd period - Shot by Dougie Hamilton.
17:02 of 2nd period - Stopped by Tuukka Rask with a rebound.
17:04 of 2nd period - Shot by Dougie Hamilton.
17:04 of 2nd period - Stopped by Tuukka Rask with a rebound.
17:06 of 2nd period - Shot by Darren Helm.
17:06 of 2nd period - Stopped by Tuukka Rask without a rebound.
17:07 of 2nd period - Tyler Seguin wins face-off versus Darren Helm in Senators zone.
17:34 of 2nd period - Shot by Shayne Gostisbehere.
17:34 of 2nd period - Shot Blocked by Drew Doughty.
18:37 of 2nd period - Shot by Justin Schultz.
18:37 of 2nd period - Stopped by Tuukka Rask without a rebound.
18:38 of 2nd period - Tyler Seguin wins face-off versus Jordan Staal in Senators zone.
18:47 of 2nd period - Shot by Jordan Staal.
18:47 of 2nd period - Shot Blocked by Michael Stone.
19:02 of 2nd period - Ales Hemsky is hit by Robbie Russo and loses puck.
19:37 of 2nd period - Icing by Robbie Russo.
19:38 of 2nd period - Devin Setoguchi wins face-off versus Pavel Zacha in Senators zone.
Goals for this period are 0 for Senators vs 1 for Devils.
Shots for this period are 8 for Senators vs 13 for Devils.

3rd period


0:01 of 3rd period - Jordan Staal wins face-off versus Tyler Seguin in neutral zone.
0:05 of 3rd period - Minor Penalty to Kevin Bieksa for Roughing.
0:06 of 3rd period - Jordan Staal wins face-off versus Tyler Seguin in Senators zone.
0:22 of 3rd period - Icing by Jordan Staal.
0:23 of 3rd period - Jordan Staal wins face-off versus Tyler Seguin in Devils zone.
2:29 of 3rd period - Icing by Lauri Korpikoski.
2:30 of 3rd period - Markus Granlund wins face-off versus Pavel Zacha in Senators zone.
2:30 of 3rd period - Lauri Korpikoski is hit by Pavel Zacha and loses puck.
2:45 of 3rd period - Icing by Anton Stralman.
2:46 of 3rd period - Pavel Zacha wins face-off versus Derick Brassard in Devils zone.
3:37 of 3rd period - Shot by Mark Stone.
3:37 of 3rd period - Stopped by Michal Neuvirth without a rebound.
3:38 of 3rd period - Darren Helm wins face-off versus Brayden Schenn in Devils zone.
3:45 of 3rd period - Off-side.
3:46 of 3rd period - Darren Helm wins face-off versus Tyler Seguin in neutral zone.
3:59 of 3rd period - Shot by Nikolay Kulemin.
3:59 of 3rd period - Shot Misses the Net.
4:03 of 3rd period - Shot by Drew Stafford.
4:03 of 3rd period - Stopped by Tuukka Rask without a rebound.
4:04 of 3rd period - Markus Granlund wins face-off versus Jordan Staal in Senators zone.
4:31 of 3rd period - Dustin Brown is hit by Drew Doughty and loses puck.
4:38 of 3rd period - Shot by Jordan Staal.
4:38 of 3rd period - Shot Misses the Net.
4:55 of 3rd period - Minor Penalty to Drew Stafford for Hooking.
4:56 of 3rd period - Jordan Staal wins face-off versus Tyler Seguin in Devils zone.
5:02 of 3rd period - Icing by Jason Garrison.
5:03 of 3rd period - Tyler Seguin wins face-off versus Jordan Staal in Senators zone.
5:42 of 3rd period - Shot by Brayden Schenn.
5:42 of 3rd period - Stopped by Michal Neuvirth without a rebound.
5:43 of 3rd period - Derick Brassard wins face-off versus Mike Cammalleri in Devils zone.
5:44 of 3rd period - Shot by Mike Hoffman.
5:44 of 3rd period - Stopped by Michal Neuvirth without a rebound.
5:45 of 3rd period - Derick Brassard wins face-off versus Mike Cammalleri in Devils zone.
5:56 of 3rd period - Shot by Drew Doughty.
5:56 of 3rd period - Stopped by Michal Neuvirth without a rebound.
5:57 of 3rd period - Derick Brassard wins face-off versus Mike Cammalleri in Devils zone.
6:12 of 3rd period - Shot by Darren Helm.
6:12 of 3rd period - Shot Misses the Net.
7:58 of 3rd period - Robbie Russo is hit by Chris Terry and loses puck.
8:05 of 3rd period - Shot by Chris Terry.
8:05 of 3rd period - Shot Misses the Net.
8:25 of 3rd period - Shot by Mike Cammalleri.
8:25 of 3rd period - Shot Misses the Net.
8:27 of 3rd period - Shot by Mike Cammalleri.
8:27 of 3rd period - Goal by Mike Cammalleri - Senators : 1 - Devils : 3.
8:28 of 3rd period - Tyler Seguin wins face-off versus Darren Helm in neutral zone.
8:28 of 3rd period - Mark Stone is hit by Nikolay Kulemin.
8:30 of 3rd period - Shot by Tyler Seguin.
8:30 of 3rd period - Stopped by Michal Neuvirth without a rebound.
8:31 of 3rd period - Darren Helm wins face-off versus Mark Stone in Devils zone.
9:04 of 3rd period - Tyler Seguin is hit by Justin Schultz and loses puck.
9:13 of 3rd period - Shot by Brayden Schenn.
9:13 of 3rd period - Shot Blocked by Anton Stralman.
9:46 of 3rd period - Bobby Ryan is hit by Anton Stralman and loses puck.
9:50 of 3rd period - Mike Hoffman is hit by Justin Schultz and loses puck.
10:15 of 3rd period - Lauri Korpikoski is hit by Jordan Staal and loses puck.
10:35 of 3rd period - Off-side.
10:36 of 3rd period - Tyler Seguin wins face-off versus Boyd Gordon in neutral zone.
11:38 of 3rd period - Shot by Mike Hoffman.
11:38 of 3rd period - Stopped by Michal Neuvirth without a rebound.
11:39 of 3rd period - Jordan Staal wins face-off versus Markus Granlund in Devils zone.
11:39 of 3rd period - Jordan Staal is hit by Drew Miller.
11:55 of 3rd period - Kevin Bieksa is hit by Jordan Staal and loses puck.
12:44 of 3rd period - Shot by Pavel Zacha.
12:44 of 3rd period - Stopped by Tuukka Rask without a rebound.
12:45 of 3rd period - Pavel Zacha wins face-off versus Tyler Seguin in Senators zone.
13:08 of 3rd period - Shot by Tyler Seguin.
13:08 of 3rd period - Shot Misses the Net.
13:12 of 3rd period - Shot by Mark Stone.
13:12 of 3rd period - Goal by Mark Stone - Senators : 2 - Devils : 3.
13:13 of 3rd period - Darren Helm wins face-off versus Derick Brassard in neutral zone.
13:15 of 3rd period - Off-side.
13:16 of 3rd period - Boyd Gordon wins face-off versus Derick Brassard in neutral zone.
13:20 of 3rd period - Dougie Hamilton is hit by Zbynek Michalek and loses puck.
13:32 of 3rd period - Ales Hemsky is hit by Bobby Ryan and loses puck.
14:33 of 3rd period - Shot by Tyler Seguin.
14:33 of 3rd period - Shot Blocked by Adam Pardy.
14:35 of 3rd period - Shot by Kevin Bieksa.
14:35 of 3rd period - Goal by Kevin Bieksa - Senators : 3 - Devils : 3.
14:36 of 3rd period - Markus Granlund wins face-off versus Drew Stafford in neutral zone.
14:52 of 3rd period - Icing by Drew Miller.
14:53 of 3rd period - Pavel Zacha wins face-off versus Markus Granlund in Senators zone.
15:13 of 3rd period - Icing by Michael Stone.
15:14 of 3rd period - Markus Granlund wins face-off versus Jordan Staal in Senators zone.
16:38 of 3rd period - Icing by Mark Stone.
16:39 of 3rd period - Brayden Schenn wins face-off versus Darren Helm in Senators zone.
17:00 of 3rd period - Off-side.
17:01 of 3rd period - Boyd Gordon wins face-off versus Markus Granlund in neutral zone.
17:04 of 3rd period - Shot by Scott Wilson.
17:04 of 3rd period - Shot Misses the Net.
17:44 of 3rd period - Icing by Ales Hemsky.
17:45 of 3rd period - Derick Brassard wins face-off versus Boyd Gordon in Devils zone.
18:14 of 3rd period - Shot by Mike Hoffman.
18:14 of 3rd period - Stopped by Michal Neuvirth without a rebound.
18:15 of 3rd period - Darren Helm wins face-off versus Tyler Seguin in Devils zone.
18:25 of 3rd period - Justin Schultz is hit by Kevin Bieksa and loses puck.
18:28 of 3rd period - Shot by Drew Stafford.
18:28 of 3rd period - Shot Misses the Net.
18:40 of 3rd period - Shot by Brayden Schenn.
18:40 of 3rd period - Stopped by Michal Neuvirth without a rebound.
18:41 of 3rd period - Jordan Staal wins face-off versus Markus Granlund in Devils zone.
18:48 of 3rd period - Shot by Mike Cammalleri.
18:48 of 3rd period - Stopped by Tuukka Rask without a rebound.
18:49 of 3rd period - Jordan Staal wins face-off versus Derick Brassard in Senators zone.
19:08 of 3rd period - Shot by Jordan Staal.
19:08 of 3rd period - Shot Hit the Post.
19:20 of 3rd period - Shot by Bobby Ryan.
19:20 of 3rd period - Stopped by Michal Neuvirth without a rebound.
19:21 of 3rd period - Tyler Seguin wins face-off versus Darren Helm in Devils zone.
19:21 of 3rd period - Minor Penalty to Justin Schultz for High sticking.
19:22 of 3rd period - Jordan Staal wins face-off versus Tyler Seguin in Devils zone.
19:32 of 3rd period - Off-side.
19:33 of 3rd period - Jordan Staal wins face-off versus Tyler Seguin in neutral zone.
19:39 of 3rd period - Icing by Kevin Bieksa.
19:40 of 3rd period - Brayden Schenn wins face-off versus Jordan Staal in Senators zone.
Goals for this period are 2 for Senators vs 1 for Devils.
Shots for this period are 11 for Senators vs 4 for Devils.

Overtime #1


0:01 of 1st overtime period - Tyler Seguin wins face-off versus Jordan Staal in neutral zone.
0:13 of 1st overtime period - Icing by Drew Doughty.
0:14 of 1st overtime period - Jordan Staal wins face-off versus Tyler Seguin in Senators zone.
1:09 of 1st overtime period - Shot by Mike Hoffman.
1:09 of 1st overtime period - Shot Blocked by Dustin Brown.
1:53 of 1st overtime period - Shot by Mark Stone.
1:53 of 1st overtime period - Shot Misses the Net.
2:00 of 1st overtime period - Off-side.
2:01 of 1st overtime period - Tyler Seguin wins face-off versus Jordan Staal in neutral zone.
2:13 of 1st overtime period - Shot by Brayden Schenn.
2:13 of 1st overtime period - Shot Blocked by Anton Stralman.
2:23 of 1st overtime period - Shot by Brayden Schenn.
2:23 of 1st overtime period - Shot Misses the Net.
2:25 of 1st overtime period - Shot by Brayden Schenn.
2:25 of 1st overtime period - Goal by Brayden Schenn - Senators : 4 - Devils : 3.
Goals for this period are 1 for Senators vs 0 for Devils.
Shots for this period are 1 for Senators vs 0 for Devils.